 Dungeon Crawl Stone Soup version 0.18.1-48-g4cf74bf (webtiles) character file.

499 stebl the Spear-Bearer (level 7, -21/82 HPs)
             Began as a Merfolk Skald on Sept 12, 2016.
             Killed from afar by a worker ant (35 damage)
             ... with an exploding inner flame
             ... hexed by the player character
             ... on level 4 of the Dungeon.
             The game lasted 00:33:18 (5526 turns).

stebl the Spear-Bearer (Merfolk Skald)              Turns: 5526, Time: 00:33:18

Health: -21/82     AC:  5    Str: 18    XL:     7   Next: 16%
Magic:  5/10       EV: 11    Int: 13    God:
Gold:   186        SH:  0    Dex: 13    Spells: 4 memorised, 2 levels left

rFire  . . .     SeeInvis .     a - +0 trident
rCold  . . .     Gourm    .     q - +0 leather armour
rNeg   . . .     Faith    .     (no shield)
rPois  .         Spirit   .     m - +1 helmet
rElec  .         Dismiss  .     (no cloak)
rCorr  .         Reflect  .     (no gloves)
SustAt .         Harm     .     (no boots)
MR     .....                    n - amulet of regeneration
Stlth  ..........               (no ring)
                                (no ring)

@: berserking, lethally poisoned (-21 -> -22), infused, very quick, not
resistant to hostile enchantments, extremely unstealthy
A: change form in water, swift swim
a: no special abilities


You were on level 4 of the Dungeon.
You were not hungry.

You visited 1 branch of the dungeon, and saw 5 of its levels.
You also visited: Sewer.

You collected 186 gold pieces.

Inventory:

Hand Weapons
 a - a +0 trident (weapon)
 b - a +0 blowgun
Missiles
 g - 220 stones
 r - 26 poisoned needles
 z - 2 tomahawks (quivered)
Armour
 m - a +1 helmet (worn)
 q - a +0 leather armour (worn)
Jewellery
 n - an amulet of regeneration (around neck)
 v - an uncursed amulet of guardian spirit
Wands
 p - a wand of digging (1/24)
 C - a wand of disintegration (5/24)
Scrolls
 j - 3 scrolls of remove curse
 A - a scroll of identify
 B - a scroll of enchant armour
Potions
 h - 2 potions of agility {unknown}
 i - 7 potions of curing {unknown}
 k - 5 potions of heal wounds {unknown}
 o - 2 potions of might {unknown}
 s - a potion of brilliance {unknown}
 u - 4 potions of haste {unknown}
 w - a potion of lignification {unknown}
 D - a potion of flight {unknown}
Books
 c - a book of Battle

   Spells                             Type                      Level
   a - Infusion                       Charms                       1
   b - Shroud of Golubria             Charms/Translocation         2
   c - Song of Slaying                Charms                       2
   d - Spectral Weapon                Hexes/Charms                 3
   e - Regeneration                   Charms/Necromancy            3
Comestibles
 d - 6 bread rations
 f - a beef jerky
 l - 4 meat rations
 E - a royal jelly


   Skills:
 + Level 4.4 Fighting
 - Level 9.0 Polearms
 - Level 0.6 Armour
 - Level 1.3 Dodging
 - Level 2.0 Spellcasting
 * Level 0.2 Hexes
 - Level 4.0 Charms


You had 2 spell levels left.
You knew the following spells:

 Your Spells              Type           Power        Failure   Level  Hunger
a - Infusion              Chrm           ##..         8%          1    ##.....
b - Song of Slaying       Chrm           ##......     10%         2    ###....
s - Shroud of Golubria    Chrm/Tloc      #.........   21%         2    ###....
w - Spectral Weapon       Hex/Chrm       #.......     38%         3    ####...


Dungeon Overview and Level Annotations

Branches:
Dungeon (5/15)
 Temple: D:4-7

Altars:
Fedhas
Pakellas
Qazlal
Zin

Shops:
D:5 *

Annotations:
D:4 Dowan, Duvessa


Message History

The worker ant is severely wounded.
You feel sick.
Duvessa says, "I don't care about looks, I care about technique!"
Duvessa hits you with a rapier. Dowan hits you with a dagger.
* * * LOW HITPOINT WARNING * * *
The worker ant waves its antennae.
The worker ant barely misses you.
Drink which item? (? for menu, Esc to quit)
A red film seems to cover your vision as you go berserk!
You feel yourself moving faster!
You feel mighty!
You feel sick.
Duvessa says, "My weaknesses are his strengths!"
Duvessa barely misses you. Dowan casts a spell at you.
The puff of flame hits you!
* * * LOW HITPOINT WARNING * * *
The worker ant bites you but does no damage.
You puncture the worker ant!
The worker ant explodes!
The fiery explosion engulfs you!
You die...

#.>......# ######
#........# #....#
#........# #....#
#.##.##### #....# #.##.#
#####....######.##.###
........(....#.§§....#
....#....(.###.#§§...#
..#.........[..#@e...#
....#.....##..a##e.###
................#..##
...####.............#
##..####............#
##.................#
####..............#
#............#.####
######.................#


You could see Duvessa (inner flame) and Dowan.

Vanquished Creatures
  An ogre (D:4)
  An orc wizard (D:3)
  An iguana (D:5)
  Natasha (twice) (D:2)
  2 worker ants
  Robin (D:2)
  2 gnolls
  8 adders
  A shadow imp (D:5)
  An adder skeleton (D:4)
  3 dart slugs (D:1)
  5 giant geckos
  8 orcs
  11 giant cockroaches
  12 goblins
  8 hobgoblins
  16 jackals
  3 quokkas
  A ball python (Sewer)
  8 bats
  A giant gecko skeleton (D:4)
  7 giant newts
  19 kobolds
  8 rats
  A fungus (D:4)
  2 plants
133 creatures vanquished.

Notes
Turn   | Place    | Note
--------------------------------------------------------------
     0 | D:1      | stebl the Merfolk Skald began the quest for the Orb.
     0 | D:1      | Reached XP level 1. HP: 16/16 MP: 3/3
   365 | D:1      | Reached XP level 2. HP: 23/23 MP: 0/5
   480 | D:1      | Reached skill level 4 in Polearms
   957 | D:1      | Reached XP level 3. HP: 28/28 MP: 2/6
  1103 | D:1      | Reached skill level 5 in Polearms
  1215 | D:1      | Learned a level 2 spell: Song of Slaying
  1218 | D:1      | Learned a level 2 spell: Shroud of Golubria
  1751 | D:2      | Reached XP level 4. HP: 35/35 MP: 4/7
  1876 | D:2      | Noticed Natasha
  1883 | D:2      | Killed Natasha
  1998 | D:2      | Noticed Robin
  2039 | D:2      | Killed Robin
  2039 | D:2      | Reached skill level 6 in Polearms
  2115 | D:2      | Reached XP level 5. HP: 38/41 MP: 3/8
  2345 | D:2      | Found an oddly glowing altar of Pakellas.
  2652 | D:2      | Noticed Natasha
  2657 | D:2      | Killed Natasha
  2933 | D:3      | Reached skill level 7 in Polearms
  3042 | D:3      | Found a glowing drain.
  3060 | Sewer    | Entered a sewer
  3637 | Sewer    | Reached XP level 6. HP: 5/48 MP: 2/9
  4056 | D:3      | Learned a level 3 spell: Spectral Weapon
  4221 | D:3      | Reached skill level 8 in Polearms
  4712 | D:4      | Reached skill level 9 in Polearms
  4849 | D:4      | Found a blossoming altar of Fedhas.
  4881 | D:4      | Found a stormy altar of Qazlal.
  5088 | D:4      | Noticed Dowan
  5089 | D:4      | Noticed Duvessa
  5176 | D:5      | Entered Level 5 of the Dungeon
  5225 | D:5      | Reached XP level 7. HP: 39/54 MP: 6/10
  5286 | D:5      | Found Zin's Purification Station.
  5288 | D:5      | Found a glowing silver altar of Zin.
  5526 | D:4      | Killed from afar by a worker ant

Skill      XL: |  1  2  3  4  5  6  7 |
---------------+----------------------+-----
Polearms       | 4 5 6 7 9 |  9.0
Fighting       | 3 4 |  4.4
Charms         | 4 |  4.0
Armour         | |  0.6
Dodging        | |  1.3
Spellcasting   | |  2.0
Hexes          | |  0.2

Action                   |  1- 3 |  4- 6 |  7- 9 || total
-------------------------+-------+-------+-------++-------
Melee: Spear             |   116 |   342 |       ||   458
       Tailslap          |       |     1 |       ||     1
       Trident           |       |    93 |    38 ||   131
Throw: Stone             |       |    32 |       ||    32
       Tomahawk          |       |       |     3 ||     3
 Cast: Infusion          |     8 |    33 |     4 ||    45
       Shroud of Golubri |     1 |     4 |       ||     5
       Song of Slaying   |       |     1 |       ||     1
 Abil: Stop Singing      |       |     1 |       ||     1
Evoke: Wand              |       |       |     1 ||     1
  Use: Scroll            |       |     7 |     2 ||     9
       Potion            |       |       |     1 ||     1
  Eat: Chunk             |     3 |    12 |     2 ||    17
Armor: Leather armour    |    24 |    56 |    12 ||    92
Dodge: Dodged            |    46 |   113 |    20 ||   179
